[Event "Romanian GP Final KO 2023"]
[Site "Alba Iulia"]
[Date "2023.12.05"]
[Round "3.3"]
[White "Ardelean, George-Catalin"]
[Black "Nanu, Costica-Ciprian"]
[Result "0-1"]
[ECO "B13"]
[WhiteElo "2433"]
[BlackElo "2524"]
[Annotator "RC"]
[PlyCount "98"]
[EventDate "2023.12.04"]
[EventType "k.o."]
[EventCountry "ROU"]
[SourceTitle "playchess.com"]
[Source "ChessBase"]
[SourceQuality "1"]
[TimeControl "900+5"]

1. e4 c6 2. d4 d5 3. exd5 cxd5 4. Bf4 Nc6 5. c3 Bf5 6. Nf3 e6 7. Nbd2 Bd6 8. Bxd6 Qxd6 9. Nh4 Nf6 10. Nxf5 exf5 11. Bd3 g6 12. O-O O-O 13. Nb3 Rfe8 14. Qd2 Re7 15. Rfe1 Ne4 16. Qc2 Rc8 17. a3 h5 18. f3 Nf6 19. Qf2 Rce8 20. Rxe7 Rxe7 21. Re1 Kg7 22. Rxe7 Qxe7 23. Qd2 h4 24. Nc1 Nh5 25. Ne2 Na5 26. Kf2 a6 27. Nf4 Nf6 28. Nh3 Nc4 29. Qc1 b5 30. Ng5 Qd6 31. g3 hxg3+ 32. hxg3 Nh5 33. f4 Nf6 34. Kf3 Ne4 35. Bxc4 Nxg5+ 36. fxg5 bxc4 37. Qe3 f6 38. gxf6+ Kxf6 39. Qe8 Qe7 40. Qh8+ Kf7 41. Qh7+ Kf6 42. Qh8+ Kf7 43. Qb8 Qe4+ 44. Kf2 Qc2+ 45. Kg1 Qd1+ 46. Kf2 Qc2+ 47. Ke3 Qd3+ 48. Kf4 Qe4+ 49. Kg5 Qg4+ 0-1